 Dungeon Crawl Stone Soup version 0.27.1-4-g1640c2035a (webtiles) character file.

Game seed: 7637921601536477136

49 tizbic2 the Caller (level 3, 0/16 HPs)
             Began as a Vine Stalker Summoner on Nov 14, 2021.
             Slain by a gnoll (5 damage)
             ... on level 2 of the Dungeon.
             The game lasted 00:06:38 (1258 turns).

tizbic2 the Caller (Vine Stalker Summoner)          Turns: 1258, Time: 00:06:39

Health: 0/16       AC:  5    Str: 11    XL:     3   Next: 77%
Magic:  0/7        EV: 10    Int: 15    God:
Gold:   37         SH:  0    Dex: 14    Spells: 6/7 levels left

rFire    . . .     SeeInvis .   (no weapon)
rCold    . . .     Faith    .   (no shield)
rNeg     . . .     Spirit   +   b - +0 ring mail
rPois    .         Reflect  .   (no helmet)
rElec    .         Harm     .   (no cloak)
rCorr    .         Rampage  .   (no gloves)
Will     .....                  (no boots)
Stlth    ++........             (no amulet)
HPRegen  0.05/turn              (no ring)
MPRegen  0.10/turn              (no ring)

@: no status effects
A: fangs 2, magic shield, antimagic bite, no potion heal 2
a: no special abilities


You were on level 2 of the Dungeon.
You visited 1 branch of the dungeon, and saw 2 of its levels.

You collected 37 gold pieces.

Inventory:

Missiles
 c - 76 stones
Armour
 a - a +0 robe
 b - a +0 ring mail (worn)
Jewellery
 g - a ring of wizardry
Scrolls
 d - a scroll of teleportation {unknown}
 f - 2 scrolls of identify {unknown}
Potions
 e - a potion of might {unknown}


   Skills:
 * Level 0.9 Armour
 + Level 1.7 Dodging
 - Level 2.8 Stealth
 * Level 0.9 Unarmed Combat
 + Level 2.5 Spellcasting
 * Level 4.5 Summonings


You had 6 spell levels left.
You knew the following spells:

 Your Spells              Type           Power      Damage    Failure   Level
a - Summon Small Mammal   Summ           60%        N/A       8%          1

Your spell library contained the following spells:

 Spells                   Type           Power      Damage    Failure   Level
 Call Imp                 Summ           15%        N/A       12%         2
 Call Canine Familiar     Summ           15%        N/A       24%         3
 Summon Guardian Golem    Hex/Summ       8%         N/A       52%         3
 Summon Lightning Spire   Summ/Air       8%         N/A       90%         4


Dungeon Overview and Level Annotations

Branches:
Dungeon (2/15)

Altars:


Innate Abilities, Weirdness & Mutations

You have extremely sharp teeth.
When hurt, damage is shared between your health and your magic reserves.
Your bite disrupts and absorbs the magic of your enemies.
Potions cannot restore your health.


Message History

Your quokka dies!
Your quokka's corpse disappears in a puff of smoke!
Your bat hits the gnoll but does no damage.
Your bat hits the gnoll but does no damage.
The gnoll closely misses your bat.
Your magical contamination has completely faded away.
Your bat hits the gnoll. The gnoll barely misses your bat.
Your bat closely misses the gnoll.
Your bat hits the gnoll but does no damage.
Your bat hits the gnoll but does no damage.
The gnoll hits your bat with a +0 flail.
Your bat dies!
Your bat's corpse disappears in a puff of smoke!
A hobgoblin comes into view.
A goblin comes into view. It is wielding a +0 club.
A giant cockroach comes into view.
The giant cockroach bites you.
The giant cockroach bites you but does no damage.
You hit the giant cockroach. Your bite misses the giant cockroach.
The giant cockroach is severely wounded.
The gnoll hits you with a +0 flail. The giant cockroach barely misses you.
You hit the giant cockroach but do no damage.
You bite the giant cockroach. You drain its power.
You feel invigorated.
The giant cockroach is almost dead.
The giant cockroach closely misses you. The gnoll barely misses you.
You hit the giant cockroach but do no damage.
Your bite misses the giant cockroach.
The giant cockroach is almost dead.
The giant cockroach bites you. The gnoll closely misses you.
The gnoll hits you with a +0 flail.
You hit the giant cockroach.
You kill the giant cockroach!
The gnoll hits you from afar with a +0 spear.
The gnoll barely misses you.
You see here a giant cockroach corpse.
A rat comes into view.
Casting: Summon Small Mammal (safe; 8% risk of failure)
Confirm with . or Enter, or press ? or * to list all spells.
The gnoll hits you with a +0 flail!
You die...

#.#.# ..
#.#.## ###
#....#####
#........# #
### ##...###g#
####.## ##.##
#g#
.##.#.######.#
##r#
#gb###gg.g.g.#
#g.#
##..#.########
#@## .####.
#.# §.. .. #.#
§..... #.#
...... #r#
####. #.# #.
#.# #.#


You could see 3 gnolls, a rat and a friendly rat (summoned).

Vanquished Creatures
  2 endoplasms
  A giant cockroach (D:2)
  2 hobgoblins
  A ball python (D:1)
  4 bats
  A goblin (D:1)
  2 rats (D:1)
13 creatures vanquished.

Vanquished Creatures (collateral kills)
  Natasha (D:2)
  A gnoll (D:2)
  A dart slug (D:1)
  2 endoplasms (D:1)
  3 goblins (D:1)
  A hobgoblin (D:1)
  A quokka (D:1)
  4 ball pythons
  2 frilled lizards (D:1)
  2 kobolds (D:1)
  A rat (D:2)
19 creatures vanquished.

Grand Total: 32 creatures vanquished

Notes
Turn   | Place    | Note
-------+----------+-------------------------------------------
     0 | D:1      | tizbic2 the Vine Stalker Summoner began the quest for the
                  | Orb.
     0 | D:1      | Reached XP level 1. HP: 9/9 MP: 4/4
   450 | D:1      | Reached XP level 2. HP: 9/13 MP: 3/6
  1096 | D:2      | Noticed Natasha
  1107 | D:2      | Killed Natasha
  1108 | D:2      | Reached XP level 3. HP: 16/16 MP: 2/7
  1208 | D:2      | Found a faded altar of an unknown god.
  1258 | D:2      | Slain by a gnoll

Illustrated notes

Levels and vault maps discovered:
D:1:      wheals_arrival_linesprint, layout_basic, roderic_serpentine_path
D:2:      layout_loops_ring, hellmonk_ecumenical_altar_crossroads, uniq_natasha

Action                   || total
-------------------------++-------
Melee: Unarmed           ||    71
       Bite              ||    18
 Cast: Summon Small Mamm ||    33
 Stab: Sleeping          ||     2
Armor: Ring mail         ||    33
       Robe              ||     1
Dodge: Dodged            ||    50
